cohdb
Replays
Latest Replays
All Replays
Popular Replays
Top Player Replays
Match Explorer
How It Works
Community
CoH3 Stats
Reddit
Sign in to upload your games and track your stats! →
Sign in with Steam
Match 42249063
Unlisted
Match 42249063
Overview
Messages
Build Orders
End
Kradschützen Motorcycle Team
Selects Panzerjäger Kommand Battlegroup
Selects Mine Fields
Panzergrenadier Squad
Panzergrenadier Squad
Construct Light Support Kompanie
MG34 Team
Assault Grenadier Squad
Panzerjäger Mechanized Group
Selects Tank Busters
Fire Support Elements
Flakvierling Half-track
Assault Grenadier Squad
Construct Mechanized Kompanie
Assault Mechanized Group
Selects Crew Shock Tactics
Crew Shock Tactics
StuG III D Assault Gun
2.5-tonne Medical Truck
Panzerjäger Mechanized Group
StuG III D Assault Gun
StuG III D Assault Gun
Vehicle Survival Package
StuG III D Assault Gun
StuG III D Assault Gun
Selects Anti-tank Overwatch
Selects Defensive Positions
Selects Butterfly Bomb Drop
Crew Shock Tactics
Panzerjäger Mechanized Group
Marder III Tank Destroyer
Crew Shock Tactics
Butterfly Bomb Drop
Assault Mechanized Group
Gunnerside
Dave
tomastys
krashbandicoot
0
0
Comments
sign in to comment!
No comments posted yet!